 Dungeon Crawl Stone Soup version 0.28-b1-1-g3c77fb2ed1 (webtiles) character file.

Game seed: 3934397961459860320

951 Zonian the Magician (level 8, -2/50 HPs)
             Began as a Djinni Ice Elementalist on Jan 30, 2022.
             Slain by a wight (3 damage)
             ... on level 5 of the Dungeon.
             The game lasted 00:18:06 (10966 turns).

Zonian the Magician (Djinni Ice Elementalist)      Turns: 10966, Time: 00:18:07

Health: -2/50      AC:  7    Str:  7    XL:     8   Next: 36%
Gold:   25         EV: 13    Int: 18    God:
                   SH:  0    Dex: 15

rFire   + + .      SeeInvis .   b - +0 short sword (spect)
rCold   x . .      Faith    .   (no shield)
rNeg    . . .      Spirit   .   a - +0 robe
rPois   ∞          Reflect  .   j - +0 helmet
rElec   .          Harm     .   d - scarf {shadows}
rCorr   .          Rampage  .   (no gloves)
Will    .....                   (boots unavailable)
Stlth   ++........              (no amulet)
HPRegen 0.16/turn               g - +4 ring of protection
MPRegen 0.00/turn               (no ring)

@: freezing walls, flying
A: sickness immunity, fire resistance 2, cold vulnerability 1, float, innate
caster, hp casting, extra vitality 1
a: no special abilities


You were on level 5 of the Dungeon.
You visited 1 branch of the dungeon, and saw 5 of its levels.
You also visited: Sewer.

You collected 305 gold pieces.
You spent 280 gold pieces at shops.

Inventory:

Hand Weapons
 b - a +0 spectral short sword (weapon)
 e - a +1 dagger of speed
 l - a +0 hunting sling
Armour
 a - a +0 robe (worn)
 d - a scarf of shadows (worn)
 j - a +0 helmet (worn)
Jewellery
 g - a +4 ring of protection (left hand)
Wands
 i - a wand of iceblast (8)
 m - a wand of flame (16)
 s - a wand of acid (6)
Scrolls
 h - a scroll of summoning
 o - a scroll of magic mapping
 q - 2 scrolls of identify
Potions
 c - 2 potions of flight
 f - a potion of might
 k - a potion of cancellation
 n - 2 potions of heal wounds
 p - 2 potions of mutation
 r - a potion of haste {unknown}


   Skills:
 - Level 3.9 Dodging
 - Level 3.1 Stealth
 + Level 7.0 Spellcasting


You had 4 spell levels left.
You knew the following spells:

 Your Spells              Type           Power      Damage    Failure   Level
a - Freeze                Ice            100%       1d11      1%          1
b - Frozen Ramparts       Ice            62%        1d8       1%          3
c - Ozocubu's Armour      Ice            31%        N/A       1%          3
d - Hailstorm             Conj/Ice       31%        3d8       6%          4
e - Magic Dart            Conj           100%       1d8       1%          1
f - Call Imp              Summ           31%        N/A       1%          2
g - Teleport Other        Tloc           31%        N/A       1%          3
Your spell library was empty.

Dungeon Overview and Level Annotations

Branches:
Dungeon (5/15)              Sewer (visited)
 Temple: D:4-7

Altars:

Shops:
D:5 *


Innate Abilities, Weirdness & Mutations

You are immune to sickness and miasma.
You are immune to poison.
Your flesh is very heat resistant. (rF++)
You are vulnerable to cold. (rC-)
You float through the air rather than walking.
You learn spells naturally, not from books.
Your magical power is your life essence.
You have superior vitality. (+4 MHP)


Message History

There is a stone staircase leading up here.
Unknown command.
There is a stone staircase leading down here.
You fly downwards.
There is a stone staircase leading up here.
Unknown command.
The wight hits you from afar with a +3 halberd of freezing.
The wight freezes you.
Casting: Frozen Ramparts (safe; 1% risk of failure)
Confirm with . or Enter, or press ? or * to list all spells.
Casting: Frozen Ramparts (safe; 1% risk of failure)
Press: ? - help, Dir - look around, f - activate
Okay, then.
The wight hits you with a +3 halberd of freezing.
The wight freezes you.
Unknown command.
Casting: Frozen Ramparts (safe; 1% risk of failure)
Confirm with . or Enter, or press ? or * to list all spells.
Casting: Frozen Ramparts (safe; 1% risk of failure)
Press: ? - help, Dir - look around, f - activate The walls around you are covered in ice.
The wight completely resists.
The wall freezes the wight but does no damage.
The wight closely misses you.
Unknown command.
You hit the wight but do no damage.
Your +0 spectral short sword hits the wight.
The wight resists.
The wall freezes the wight.
The wight misses you.
The wight resists.
The wall freezes the wight.
The wight hits you with a +3 halberd of freezing!
The wight freezes you!
You hit the wight but do no damage.
The wight is moderately damaged.
Your +0 spectral short sword hits the wight.
The wight closely misses your +0 spectral short sword.
The wight resists.
The wall freezes the wight.
The wight hits you with a +3 halberd of freezing!
* * * LOW HITPOINT WARNING * * *
The wight freezes you.
You die...

*,****####......#........#)#.....
,©,,,,...###...########..#≈#.....
*******#..##.### #...#)#.....
,©,,****#....## ###.#.#)#.....
,,,*,,,###....# #...#.#≈#.....
***,,*,.##.##.######...#.#≈#,,,,,
,,,*,*,###.##.....<....#(#.#,..,*
,*,,****#..............#.#≈#.....
,,,*,,,###.....(@.##...#.###.....
***,,*,y##....zz####.............
,,,*,*,###..>...#####..........#.
,©,,****#.......#......#>........
**##*###........#......#.......#.
,©...,..........#......######....
,,....#................# #..#..
,,..#.#................## #.###.
,,......................####.# #.


You could see 2 wights and a friendly +0 spectral short sword (summoned).

Vanquished Creatures
  2 ogres (D:5)
  A centaur (D:4)
  A kobold brigand (Sewer)
  2 wights
  A jelly (D:5)
  A hound (D:4)
  An orc priest (D:3)
  2 iguanas (D:4)
  2 orc wizards (D:5)
  6 adders
  7 river rats (Sewer)
  2 worms
  6 dart slugs
  16 orcs
  4 endoplasms
  5 giant cockroaches
  9 goblins
  9 hobgoblins
  3 jackals (D:4)
  20 kobolds
  6 quokkas
  17 ball pythons
  3 bats
  A frilled lizard (D:1)
  20 rats
147 creatures vanquished.

Vanquished Creatures (collateral kills)
  A centaur (D:4)
1 creature vanquished.

Vanquished Creatures (others)
  5 plants (D:3)
5 creatures vanquished.

Grand Total: 153 creatures vanquished

Notes
Turn   | Place    | Note
-------+----------+-------------------------------------------
     0 | D:1      | Zonian the Djinni Ice Elementalist began the quest for the
                  | Orb.
     0 | D:1      | Reached XP level 1. HP: 15/15 MP: 0/0
   361 | D:1      | Reached XP level 2. HP: 5/21 MP: 0/0
  1431 | D:1      | Reached XP level 3. HP: 20/25 MP: 0/0
  1431 | D:1      | Learned a level 1 spell: Magic Dart
  1663 | D:1      | Found a faded altar of an unknown god.
  2862 | D:2      | Reached XP level 4. HP: 30/31 MP: 0/0
  3862 | D:3      | Reached XP level 5. HP: 19/35 MP: 0/0
  3862 | D:3      | Learned a level 2 spell: Call Imp
  6182 | D:4      | Reached skill level 4 in Spellcasting
  7025 | D:4      | Noticed a centaur
  7037 | D:4      | Killed a centaur
  7038 | D:4      | Reached XP level 6. HP: 11/40 MP: 0/0
  7407 | D:4      | Noticed an ogre
  7842 | D:4      | Reached skill level 5 in Spellcasting
  7842 | D:4      | Reached XP level 7. HP: 38/45 MP: 0/0
  7842 | D:4      | Learned a level 3 spell: Teleport Other
  8159 | D:5      | Entered Level 5 of the Dungeon
  8183 | D:5      | Found a glowing drain.
  8191 | Sewer    | Entered a sewer
  9979 | D:5      | Reached skill level 6 in Spellcasting
 10123 | D:5      | Reached XP level 8. HP: 40/50 MP: 0/0
 10466 | D:5      | Found Ytente's Gadget Gallery.
 10472 | D:5      | Bought a wand of acid (6) for 280 gold pieces
 10761 | D:3      | Reached skill level 7 in Spellcasting
 10966 | D:5      | HP: 1/50 [wight (16)]
 10966 | D:5      | Slain by a wight

Illustrated notes

Levels and vault maps discovered:
D:1:      lightli_arrival_farm, layout_basic, nicolae_ecumenical_snake_handling
D:2:      layout_basic, kennysheep_path_1, grunt_ministairs_7, bh_walls_and_bars
D:3:      layout_basic, serial_forest, infiniplex_forest_clump_medium,
          infiniplex_forest_clump_long, infiniplex_forest_lined_room_2,
          infiniplex_forest_lined_room_2, infiniplex_forest_straight_2,
          infiniplex_forest_clump_curved,
          nicolae_concentric_dashed_squares_mild, mrwooster_statue_mirror,
          dk_noncrumbling_2
D:4:      layout_loops_cross
D:5:      layout_rooms, gammafunk_ghost_hive, portal_sewer_entry_d,
          minmay_misc_feat_columns, nicolae_shop_gadgets

Skill      XL: |  1  2  3  4  5  6  7  8 |
---------------+-------------------------+-----
Stealth        | 2 3 |  3.1
Dodging        | 3 |  3.9
Spellcasting   | 4 5 6 7 |  7.0

Action                   |  1- 3 |  4- 6 |  7- 9 || total
-------------------------+-------+-------+-------++-------
Melee: Unarmed           |     1 |       |       ||     1
       Short sword       |    15 |    29 |    19 ||    63
       Punch             |     1 |       |     1 ||     2
       Dagger            |       |    72 |    97 ||   169
 Cast: Freeze            |    29 |    28 |     6 ||    63
       Magic Dart        |    35 |    61 |    23 ||   119
       Call Imp          |       |     2 |       ||     2
       Frozen Ramparts   |       |     2 |    22 ||    24
  Use: Scroll            |       |     8 |     7 ||    15
       Potion            |       |     2 |     1 ||     3
 Stab: Sleeping          |       |     5 |     4 ||     9
Armor: Robe              |     3 |    33 |    21 ||    57
Dodge: Dodged            |    18 |    80 |    66 ||   164
